 Dungeon Crawl Stone Soup version 0.30-a0-322-g102857c98e (webtiles) character file.

Game seed: 1865637177950324801

4363 koil the Nimble (level 10, -3/51 HPs)
             Began as a Spriggan Hunter on Oct 27, 2022.
             Was a Believer of Kikubaaqudgha.
             Killed from afar by an acid dragon (21 damage)
             ... with a splash of acid
             ... on level 8 of the Dungeon.
             The game lasted 00:29:18 (6920 turns).

koil the Nimble (Spriggan Hunter)                   Turns: 6920, Time: 00:29:19

Health: -3/51      AC:  6    Str:  6    XL:     10   Next: 12%
Magic:  13/21      EV: 26    Int: 11    God:    Kikubaaqudgha [**....]
Gold:   439        SH:  0    Dex: 26    Spells: 9/23 levels left

rFire   . . .      SeeInvis +    a - +2 shortbow
rCold   . . .      Faith    .    (shield currently unavailable)
rNeg    . . .      Spirit   .    l - +2 robe {Archmagi}
rPois   .          Reflect  .    (helmet restricted)
rElec   .          Harm     .    (no cloak)
rCorr   .          Rampage  .    (gloves unavailable)
Will    ++...      Archmagi +    (boots unavailable)
Stlth   ++++......               (no amulet)
HPRegen 0.28/turn                d - ring of willpower
MPRegen 0.17/turn                m - +4 ring of protection

@: corroded, very quick
A: very small, no large weapons, unfitting armour, see invisible, speed 3,
iridescent scales 1, agile 1
a: Renounce Religion, Unearth Wretches


You were on level 8 of the Dungeon.
You worshipped Kikubaaqudgha.
Kikubaaqudgha was pleased with you.
You visited 2 branches of the dungeon, and saw 9 of its levels.

You collected 439 gold pieces.

Inventory:

Hand Weapons
 a - a +2 shortbow (weapon)
 b - a +2 short sword of venom
 y - a +2 dagger of electrocution
Missiles
 h - 3 atropa-tipped darts
 u - 5 poisoned darts
Armour
 l - a +2 robe of the Archmagi (worn)
 s - a scarf of shadows
Jewellery
 d - a ring of willpower (left hand)
 m - a +4 ring of protection (right hand)
 v - a +4 ring of evasion
Wands
 e - a wand of digging (5)
 p - a wand of charming (24)
 q - a wand of iceblast (8)
 z - a wand of flame (12)
Scrolls
 c - 3 scrolls of teleportation
 g - 3 scrolls of immolation
 i - a scroll of enchant armour
 k - a scroll of enchant weapon
 r - a scroll of vulnerability
 t - a scroll of butterflies
 x - a scroll of acquirement {unknown}
Potions
 f - 3 potions of flight
 j - 2 potions of ambrosia
 n - 2 potions of curing
 o - a potion of heal wounds {unknown}
 w - a potion of invisibility


   Skills:
 + Level 5.2 Fighting
 + Level 7.4 Ranged Weapons
 + Level 8.3 Dodging
 - Level 6.0 Stealth
 + Level 7.1 Spellcasting
 + Level 6.2 Hexes
 + Level 4.6 Necromancy


You had 9 spell levels left.
You knew the following spells:

 Your Spells              Type           Power      Damage    Failure   Level
a - Dispel Undead         Necr           21%        3d11      26%         4
b - Confusing Touch       Hex            26%        N/A       4%          3
c - Animate Dead          Necr           21%        N/A       26%         4
d - Inner Flame           Hex/Fire       16%        N/A       14%         3

Your spell library contained the following spells:

 Spells                   Type           Power      Damage    Failure   Level
 Necrotise                Necr           84%        1d8       2%          1
 Kiss of Death            Conj/Necr      52%        2d9       7%          1
 Vampiric Draining        Necr           21%        2d7       8%          3
 Cause Fear               Hex            13%        N/A       13%         4
 Cigotuvi's Dreadful Rot  Necr/Pois/Air  20%        N/A       14%         2
 Gell's Gravitas          Tloc           5%         N/A       45%         3
 Lesser Beckoning         Tloc           10%        N/A       45%         3
 Teleport Other           Tloc           5%         N/A       45%         3
 Death Channel            Necr           10%        N/A       98%         6
 Borgnjor's Revivificati  Necr           10%        N/A       100%        8
 Discord                  Hex            13%        N/A       100%        8
 Necromutation            Tmut/Necr      6%         N/A       100%        8
 Death's Door             Necr           10%        N/A       100%        9


Dungeon Overview and Level Annotations

Branches:
Dungeon (8/15)             Temple (1/1) D:4
   Lair: D:8-11

Altars:
Ashenzari
Cheibriados
Dithmenos
Elyvilon
Fedhas
Gozag
Hepliaklqana
Kikubaaqudgha
Makhleb
Nemelex Xobeh
Okawaru
Ru
Sif Muna
Trog
Uskayaw
Vehumet
Wu Jian
Xom
Yredelemnul
Zin
The Shining One

Shops:
D:3 (

Annotations:
D:8 3 runed translucent doors, baller8008's ghost, novice AtFi


Innate Abilities, Weirdness & Mutations

You are very small and have problems with some larger weapons.
You are too small for most types of armour.
You have supernaturally acute eyesight. (SInv)
You cover ground extremely quickly. (Speed+++)
You are partially covered in iridescent scales. (AC +2)
You are agile. (Dex +4, Str/Int -1)


Message History

Press: ? - help, Dir - move target, f/p - acid dragon
Aim: an acid dragon (almost dead, chance to affect: 71%)
You feel a surge of power!
You miscast Inner Flame.
You are very lightly contaminated with residual magic.
Nothing appears to happen.
The acid dragon spits acid at you. The splash of acid hits you!
* * * LOW HITPOINT WARNING * * *
The acid corrodes you!
Casting: Inner Flame (dangerous; 14% risk of failure)
Confirm with . or Enter, or press ? or * to list all spells.
You can't see any susceptible monsters within range! (Use Z to cast anyway.)
Casting: Inner Flame (dangerous; 14% risk of failure)
Confirm with . or Enter, or press ? or * to list all spells.
Okay, then.
Casting: Inner Flame (dangerous; 14% risk of failure)
Confirm with . or Enter, or press ? or * to list all spells.
Aiming: Inner Flame (dangerous; 14% risk of failure)
Press: ? - help, Dir - move target, f - orc, p - acid dragon
Aim: an orc, wielding a +0 whip and wearing a +0 scale mail (chance to affect: 84%)
You feel a surge of power!
The orc is filled with an inner flame.
Fire: a) +2 shortbow
Press: ? - help, Q - select action, (/) - cycle Shift-Dir - straight line, f/p - orc
Aim: an orc, wielding a +0 whip and wearing a +0 scale mail (inner flame, 74% to hit)
You shoot an arrow. The arrow hits the orc!
Kikubaaqudgha accepts your kill.
The orc explodes!
Unknown command.
Casting: Inner Flame (dangerous; 14% risk of failure)
Confirm with . or Enter, or press ? or * to list all spells.
Aiming: Inner Flame (dangerous; 14% risk of failure)
Press: ? - help, Dir - move target, f - acid dragon
Aim: an acid dragon (almost dead, chance to affect: 71%)
You feel a surge of power!
The acid dragon is filled with an inner flame.
Your magical contamination has completely faded away.
The acid dragon spits acid at you. The splash of acid hits you!!
You die...
Kikubaaqudgha rasps: "You have failed me!
Welcome... death!"

......#####.####...........## #.#
......##.....Y..............###.#
......#########.............#...#
.....~......# #.....#...###.#.#..
#........)..# #.............#.#.#
#.......§...# #.#.......###.#....
#...........###.#.#.....###.#.#..
#........Y...##..................
#.....(≈.8.D....@.............#..
#......≈...≈..#.....##...........
######.≈≈.≈≈.....#.......####....
....##.≈≈.≈≈.........##### ###.#
....##.≈≈.≈≈.##..###.# ###..
....'..≈≈_≈≈.........# #....
....#..≈≈≈≈≈.#....##.########...#
....#...≈≈≈.....#.##.............
....#.........................#.)


You could see an acid dragon (inner flame, catching breath) and a sky beast.

Vanquished Creatures
  Prince Ribbit (D:7)
  Grinder (D:3)
  Sigmund (D:4)
  A wyvern (D:8)
  6 yaks (D:8)
  3 water moccasins
  4 ice beasts
  3 orc warriors
  2 sky beasts
  A black bear (D:4)
  An ogre (D:7)
  3 centaurs
  A phantom (D:5)
  2 necrophages
  2 bullfrogs (D:7)
  2 scorpions
  A wight (D:5)
  2 jellies
  3 hounds
  A gnoll bouda (D:6)
  An orc priest (D:8)
  Ijyb (D:3)
  3 iguanas
  7 orc wizards
  4 gnolls
  6 adders
  8 river rats (D:6)
  A white imp (D:6)
  An ufetubus (D:6)
  A worm (D:3)
  3 dart slugs
  22 orcs
  5 ball pythons
  9 endoplasms
  4 giant cockroaches
  2 goblins (D:1)
  4 hobgoblins
  11 quokkas
  5 bats
  2 frilled lizards
  7 kobolds
  15 rats
163 creatures vanquished.

Vanquished Creatures (others)
  3 orc zombies (D:8)
  5 toadstools (D:1)
8 creatures vanquished.

Grand Total: 171 creatures vanquished

Notes
Turn   | Place    | Note
-------+----------+-------------------------------------------
     0 | D:1      | koil the Spriggan Hunter began the quest for the Orb.
     0 | D:1      | Reached XP level 1. HP: 10/10 MP: 2/2
   113 | D:1      | Reached XP level 2. HP: 15/15 MP: 2/4
   158 | D:1      | Reached skill level 3 in Dodging
   239 | D:1      | Reached skill level 1 in Spellcasting
   298 | D:1      | Reached XP level 3. HP: 18/18 MP: 5/5
   628 | D:2      | Found a shadowy altar of Dithmenos.
  1401 | D:3      | Noticed Grinder
  1402 | D:3      | Found Rorreng's Antique Weapon Boutique.
  1419 | D:3      | Paralysed by Grinder for 5 turns
  1426 | D:3      | Paralysed by Grinder for 4 turns
  1453 | D:3      | Noticed Ijyb
  1454 | D:3      | Killed Grinder
  1455 | D:3      | Reached skill level 4 in Dodging
  1455 | D:3      | Reached XP level 4. HP: 14/23 MP: 6/9
  1455 | D:3      | Reached XP level 5. HP: 17/27 MP: 6/10
  1527 | D:3      | Killed Ijyb
  1596 | D:3      | Reached XP level 6. HP: 20/32 MP: 11/11
  1661 | D:3      | Found a glowing silver altar of Zin.
  1697 | D:3      | Identified the +7 flail of Oenomania {speed, *Rage rPois
                  | Int+7}
  2058 | D:3      | Learned a level 4 spell: Dispel Undead
  2062 | D:3      | Learned a level 3 spell: Confusing Touch
  2201 | D:3      | Found a shimmering blue altar of Sif Muna.
  2464 | D:3      | Found an ornate altar of the Wu Jian Council.
  2464 | D:3      | Found a hazy altar of Hepliaklqana.
  2466 | D:3      | Found a radiant altar of Vehumet.
  2802 | D:4      | Found a staircase to the Ecumenical Temple.
  2811 | Temple   | Entered the Ecumenical Temple
  3016 | Temple   | Became a worshipper of Kikubaaqudgha
  3070 | Temple   | Gained mutation: You have an increased reservoir of magic.
                  | (+10% MP) [potion of mutation]
  3070 | Temple   | Gained mutation: You have a pair of small horns on your
                  | head. [potion of mutation]
  3071 | Temple   | Lost mutation: You have a pair of small horns on your head.
                  | [potion of mutation]
  3071 | Temple   | Lost mutation: You have an increased reservoir of magic.
                  | (+10% MP) [potion of mutation]
  3071 | Temple   | Gained mutation: You have a pair of small antennae on your
                  | head. [potion of mutation]
  3071 | Temple   | Gained mutation: Your system is resistant to poisons.
                  | (rPois) [potion of mutation]
  3105 | D:4      | Reached skill level 5 in Ranged Weapons
  3171 | D:4      | Noticed an ice beast
  3222 | D:4      | Killed an ice beast
  3223 | D:4      | Reached skill level 5 in Stealth
  3223 | D:4      | Reached skill level 1 in Hexes
  3223 | D:4      | Reached XP level 7. HP: 27/36 MP: 13/13
  3396 | D:4      | Noticed Sigmund
  3399 | D:4      | Killed Sigmund
  3400 | D:4      | Reached skill level 5 in Dodging
  3400 | D:4      | Reached skill level 1 in Necromancy
  3478 | D:4      | Lost mutation: Your system is resistant to poisons. (rPois)
                  | [potion of mutation]
  3478 | D:4      | Lost mutation: You have a pair of small antennae on your
                  | head. [potion of mutation]
  3478 | D:4      | Gained mutation: You are agile. (Dex +4, Str/Int -1)
                  | [potion of mutation]
  3478 | D:4      | Gained mutation: You have sharp fingernails. [potion of
                  | mutation]
  3568 | D:5      | Entered Level 5 of the Dungeon
  3765 | D:5      | Reached XP level 8. HP: 34/40 MP: 15/15
  3854 | D:5      | Reached * piety under Kikubaaqudgha
  3854 | D:5      | Received a gift from Kikubaaqudgha
  3860 | D:5      | Learned a level 4 spell: Animate Dead
  3864 | D:5      | Learned a level 3 spell: Inner Flame
  4075 | D:5      | Found a shimmering altar of Xom.
  4371 | D:6      | Reached skill level 6 in Dodging
  4610 | D:6      | Reached skill level 5 in Spellcasting
  4723 | D:6      | Reached ** piety under Kikubaaqudgha
  4917 | D:6      | Found a snail-covered altar of Cheibriados.
  4918 | D:6      | Found a sacrificial altar of Ru.
  5017 | D:6      | Found a glowing golden altar of the Shining One.
  5036 | D:6      | Found a shadowy altar of Dithmenos.
  5259 | D:7      | Reached XP level 9. HP: 15/45 MP: 18/18
  5503 | D:7      | Reached skill level 7 in Dodging
  5659 | D:7      | Noticed Prince Ribbit
  5674 | D:7      | Killed Prince Ribbit
  5675 | D:7      | Reached skill level 5 in Hexes
  6065 | D:8      | Found a hide-covered altar of Uskayaw.
  6080 | D:8      | Found a blossoming altar of Fedhas.
  6225 | D:8      | Found a runed translucent gate.
  6225 | D:8      | Found a runed translucent gate.
  6225 | D:8      | Found a runed translucent gate.
  6237 | D:8      | Noticed baller8008's ghost (novice AtFi)
  6240 | D:8      | Lost mutation: You are agile. (Dex +4, Str/Int -1) [potion
                  | of mutation]
  6240 | D:8      | Lost mutation: You have sharp fingernails. [potion of
                  | mutation]
  6240 | D:8      | Gained mutation: You are agile. (Dex +4, Str/Int -1)
                  | [potion of mutation]
  6240 | D:8      | Gained mutation: You have hidden genetic defects. [potion
                  | of mutation]
  6240 | D:8      | Gained mutation: You are partially covered in iridescent
                  | scales. (AC +2) [potion of mutation]
  6240 | D:8      | Lost mutation: You have hidden genetic defects. [potion of
                  | mutation]
  6302 | D:8      | Found a sparkling altar of Nemelex Xobeh.
  6367 | D:8      | Found an iron altar of Okawaru.
  6475 | D:8      | Reached skill level 5 in Fighting
  6575 | D:8      | Reached skill level 8 in Dodging
  6613 | D:8      | Reached XP level 10. HP: 49/51 MP: 17/21
  6729 | D:8      | Found a broken altar of Ashenzari.
  6920 | D:8      | Killed from afar by an acid dragon

Illustrated notes

Levels and vault maps discovered:
D:1:      ldierk_walled_garden, layout_rooms, minmay_tetromino_l2
D:2:      layout_basic, basic_altar
D:3:      layout_basic, general_overflow_altar, mainiacjoe_overflow_boulevard,
          gammafunk_temple_overflow_claw, serial_shops, shop, minivault_27,
          uniq_grinder, uniq_ijyb
D:4:      layout_rooms, minmay_temple_entry_crystal_x, uniq_sigmund
D:5:      layout_loops_ring, marbit_many_paths
D:6:      lemuel_ratsnest, layout_rooms, gammafunk_temple_overflow_statue,
          kennysheep_mini_moat, nicolae_dithmenos_through_a_glass_darkly
D:7:      layout_cave_pools, dreamdust_princess_bridge, hangedman_decor_points,
          uniq_prince_ribbit1
D:8:      layout_basic, okawaru_metal_pillars_1_2,
          nicolae_overflow_crystal_walls, mainiacjoe_overflow_catwalk,
          amcnicky_altar_gilded, nemelex_xobeh_ov_fountains_minmay,
          gammafunk_ghost_ooze
Temple:   nicolae_temple_bog_church

Skill      XL: |  1  2  3  4  5  6  7  8  9 |
---------------+----------------------------+-----
Stealth        | 2 4 5 6 |  6.0
Dodging        | 3 4 5 6 8 |  8.3
Spellcasting   | 1 2 3 4 5 7 |  7.1
Fighting       | 2 3 4 5 |  5.2
Ranged Weapons | 5 6 7 |  7.4
Hexes          | 1 2 4 6 |  6.2
Necromancy     | 1 3 4 |  4.6

Action                   |  1- 3 |  4- 6 |  7- 9 | 10-12 || total
-------------------------+-------+-------+-------+-------++-------
 Fire: Shortbow          |    71 |   126 |   406 |    40 ||   643
 Cast: Inner Flame       |       |       |     4 |     5 ||     9
       Animate Dead      |       |       |     2 |       ||     2
Invok: Unearth Wretches  |       |       |     1 |       ||     1
Evoke: Wand              |       |       |     3 |       ||     3
  Use: Scroll            |       |     8 |     6 |       ||    14
       Potion            |       |     4 |     3 |     1 ||     8
Armor: Robe              |     1 |    19 |    34 |     2 ||    56
Dodge: Dodged            |    14 |    46 |   216 |    32 ||   308

Table legend: (Time is in decaauts)
 A = Elapsed time spent in this place.
 B = Non-inter-level travel time spent in this place.
 C = Inter-level travel time spent in this place.
 D = Time resting spent in this place.
 E = Time spent auto-exploring this place.
 F = Levels seen in this place.
 G = Mean time per level.
                   A        B        C        D        E       F      G
               +--------+--------+--------+--------+--------+-----+--------+
         Total |   5030 |   4825 |    205 |    461 |   2989 |   9 |  558.9 |
       Dungeon |   4813 |   4633 |    180 |    428 |   2879 |   8 |  601.6 |
        Temple |    216 |    191 |     25 |     33 |    109 |   1 |  216.0 |
               +--------+--------+--------+--------+--------+-----+--------+

Top non-repeatable levels by time:
     D:3: 917 daAuts
     D:7: 734 daAuts
     D:6: 629 daAuts
     D:2: 621 daAuts
     D:8: 597 daAuts
     D:5: 547 daAuts
     D:4: 480 daAuts
     D:1: 286 daAuts
  Temple: 216 daAuts
